[Event "The Elitserien 2024/25: round 1 - 3"]
[Site "Scandic Infra City, Kanalvagen 10, Upplands Vasby, Sweden"]
[Date "2024.10.05"]
[Round "2.40"]
[White "Larsson, Anders"]
[Black "Sorensen, Hampus"]
[Result "0-1"]
[TimeControl "90 minutes for 40 moves + 30 minutes for the rest of the game + 30 seconds per move from move one."]
[WhiteTitle "FM"]
[BlackTitle "IM"]
[WhiteFideId "1712128"]
[BlackFideId "8703884"]
[WhiteElo "2211"]
[BlackElo "2420"]

1. e4 c5 2. Nf3 d6 3. Bb5+ Bd7 4. a4 Nf6 5. e5 dxe5 6. Nxe5 g6 7. O-O Bg7 8. Nc3 O-O 9. Nxd7 Nbxd7 10. Re1 e6 11. Bf1 Nb8 12. d3 Nc6 13. Be3 Nd4 14. Ne4 Nd5 15. c3 Nxe3 16. fxe3 Nf5 17. Nxc5 Nxe3 18. Rxe3 Qg5 19.
Qf3 Qxc5 20. d4 Qb6 21. Qf2 Qa5 22. Kh1 Rad8 23. Qe1 Rfe8 24. Bc4 Re7 25. Qh4 Red7 26. Rae1 Qxa4 27. b3 Qa3 28.
h3 Qe7 29. Qg4 Rd6 30. Qe4 a6 31. Be2 Qc7 32. Bf3 b5 33. b4 a5 34. bxa5 Qxa5 35. Rb1 Rb6 36. Qd3 b4 37. cxb4 Rxb4 38.
Rxb4 Qxb4 39. d5 Qc5 40. Qe2 Qc1+ 41. Qe1 Qxe1+ 42. Rxe1 exd5 43. Rd1 d4 44. Kg1 d3 0-1

[Event "The Elitserien 2024/25: round 1 - 3"]
[Site "Scandic Infra City, Kanalvagen 10, Upplands Vasby, Sweden"]
[Date "2024.10.06"]
[Round "3.1"]
[White "Johansson, Linus"]
[Black "Peng, Li Min"]
[Result "1/2-1/2"]
[TimeControl "90 minutes for 40 moves + 30 minutes for the rest of the game + 30 seconds per move from move one."]
[WhiteTitle "IM"]
[BlackTitle "GM"]
[WhiteFideId "1711113"]
[BlackFideId "14112620"]
[WhiteElo "2416"]
[BlackElo "2514"]

1. d4 e6 2. e4 d5 3. Nd2 Nf6 4. e5 Nfd7 5. c3 c5 6. Bd3 Be7 7. Ne2 Nc6 8. O-O O-O 9. Nf3 f6 10.
Nf4 Ndxe5 11. dxe5 fxe5 12. Ne2 e4 13. Bxe4 dxe4 14. Qxd8 Rxd8 15. Ng5 b6 16. Ng3 h6 17. N5xe4 Ba6 18.
Re1 Ne5 19. Be3 Nd3 20. Reb1 Bb7 21. f3 Rd7 22. a4 Ne5 23. Nf2 Nc4 24. Bc1 Na5 25. b4 Nc4 26. Nge4 cxb4 27. cxb4 Rc8 28.
Bf4 e5 29. Bg3 Nd2 30. Rd1 Bxb4 31. Bxe5 Rd5 32. Nxd2 Bxd2 33. Bg3 Be3 34. Re1 Rc3 35. h4 Bc6 36. Kh2 Rb3 37. Ng4 Bd4 38.
Rac1 Bc5 39. Bf2 Bd6+ 40. Bg3 Bc5 41. Bf2 Bxa4 42. Bxc5 Rxc5 43. Rxc5 bxc5 44. Re7 a5 45. Rc7 Rb5 46.
Ne5 Bc2 47. Rc8+ Kh7 48. g4 a4 1/2-1/2

[Event "The Elitserien 2024/25: round 1 - 3"]
[Site "Scandic Infra City, Kanalvagen 10, Upplands Vasby, Sweden"]
[Date "2024.10.06"]
[Round "3.2"]
[White "Sivuk, Vitaly"]
[Black "Garriga Cazorla, Pere"]
[Result "1/2-1/2"]
[TimeControl "90 minutes for 40 moves + 30 minutes for the rest of the game + 30 seconds per move from move one."]
[WhiteTitle "GM"]
[BlackTitle "IM"]
[WhiteFideId "14116502"]
[BlackFideId "32011601"]
[WhiteElo "2526"]
[BlackElo "2467"]

1. d4 Nf6 2. c4 e6 3. Nc3 Bb4 4. e3 O-O 5. a3 Bxc3+ 6. bxc3 d5 7. cxd5 exd5 8. Bd3 b6 9. Ne2 Ba6 10.
Bxa6 Nxa6 11. Qd3 Qc8 12. O-O c5 13. f3 Nc7 14. e4 Qa6 15. Qxa6 Nxa6 16. e5 Nd7 17. Nf4 Nc7 18. a4 Rfe8 19.
Ba3 Rac8 20. Rac1 f6 21. exf6 Nxf6 22. dxc5 Ne6 23. Nxe6 Rxe6 24. cxb6 Rxb6 25. Rfd1 Rc4 26. Rd4 Ra6 27.
Be7 Rxd4 28. cxd4 Rxa4 29. Rc8+ Kf7 30. Rc7 Ra1+ 31. Kf2 Ra2+ 32. Kg3 Nh5+ 33. Kh4 Kg6 34. Rc6+ Nf6 35. Kg3 Rd2 36.
Bc5 a5 37. Ra6 Kf5 38. Kh3 h5 39. Bf8 g5 40. Bg7 g4+ 41. Kg3 Ng8 42. h4 gxf3 43. gxf3 Rd1 44. Be5 Rg1+ 45. Kf2 Rg6 46.
Rxa5 Ne7 47. Ra8 Rb6 48. Rf8+ Kg6 49. Kg3 Nf5+ 50. Kh3 Ne7 51. Rd8 Ra6 52. Re8 Kf7 53. Rh8 Kg6 54. Rd8 Rb6 55.
Kg3 Nf5+ 56. Kf4 Nxh4 57. Rxd5 Rb3 58. Rd6+ Kh7 59. Rd7+ Kh6 60. Rd6+ Kh7 61. Bf6 Nxf3 62. Kf5 Nxd4+ 63. Bxd4 Rf3+ 64. Kg5 Rg3+ 65. Kh4 Rg2 66. Rd7+ Kg8 67. Bf6 Rg6 68. Be5 Kf8 69. Kxh5 Re6 70. Bf4 Ke8 71. Rd5 Kf7 72. Be5 Ra6 73.
Kg5 Ke6 74. Rb5 Ra2 75. Kf4 Ra4+ 76. Ke3 Ra3+ 77. Ke4 Ra2 78. Rb6+ Kd7 79. Rd6+ Ke7 80. Kf5 Rf2+ 81. Kg4 Rf1 82. Ra6 Kd7 83. Bf4 Ke7 84. Kf5 Kf7 85. Ra7+ Kf8 86. Ke5 Kg8 87. Bg5 Rf7 88.
Ra1 Rf2 89. Bf6 Kf7 90. Ra7+ Kg6 91. Rg7+ Kh6 92. Ke6 Ra2 93. Rg8 Kh5 94. Rg1 Kh6 95. Bd4 Ra3 96. Kf7 Kh5 97. Bf6 Ra7+ 98.
Be7 Ra5 99. Ke6 Ra2 100. Bc5 Ra5 101. Bd4 Rg5 102. Ra1 Kg4 103. Be5 Kf3 104. Kd5 Rg8 105. Ra3+ Ke2 106. Ke4 Re8 107. Ra2+ Ke1 108. Kd4 Kf1 109.
Bf4 Re2 110. Rxe2 Kxe2 111. Ke4 1/2-1/2

[Event "The Elitserien 2024/25: round 1 - 3"]
[Site "Scandic Infra City, Kanalvagen 10, Upplands Vasby, Sweden"]
[Date "2024.10.06"]
[Round "3.3"]
[White "Domingo Nunez, Ruben"]
[Black "Miezis, Normunds"]
[Result "1-0"]
[TimeControl "90 minutes for 40 moves + 30 minutes for the rest of the game + 30 seconds per move from move one."]
[WhiteTitle "IM"]
[BlackTitle "GM"]
[WhiteFideId "22245570"]
[BlackFideId "11600136"]
[WhiteElo "2390"]
[BlackElo "2417"]

1. Nf3 c5 2. c4 Nc6 3. Nc3 e5 4. g3 g6 5. Bg2 Bg7 6. d3 Nge7 7. Rb1 d6 8. a3 a5 9. Bd2 O-O 10.
h4 h5 11. O-O Rb8 12. Ng5 b6 13. Nd5 f6 14. Nxe7+ Nxe7 15. Ne4 Bg4 16. Nc3 Qd7 17. b4 axb4 18. axb4 Kh7 19. Kh2 Nc6 20.
Qa4 Nxb4 21. Qxd7 Bxd7 22. Ne4 Bg4 23. f3 Be6 24. Nxd6 Rfd8 25. Ne4 Nc6 26. f4 Bg4 27. Rf2 Bd7 28.
Bc3 Be8 29. fxe5 Nxe5 30. Bxe5 fxe5 31. Ra1 Rd7 32. Ra6 Kh8 33. Ng5 Re7 34. Bd5 e4 35. Nxe4 Bd4 36. Rf8+ Kg7 37. Rg8+ Kh6 38.
Bc6 Bxc6 39. Rxb8 Bxe4 40. dxe4 Rxe4 41. Rbxb6 Rg4 42. Re6 Bf2 43. Kg2 Be1 44. Ra3 Rd4 45. Ra7 Bxg3 46. Kxg3 Rg4+ 47.
Kf3 Rf4+ 48. Ke3 Rxh4 49. Raa6 Rg4 50. Kf3 Rg1 51. Rec6 Rg5 52. e4 h4 53. Ra8 Kg7 54. Rc7+ 1-0

[Event "The Elitserien 2024/25: round 1 - 3"]
[Site "Scandic Infra City, Kanalvagen 10, Upplands Vasby, Sweden"]
[Date "2024.10.06"]
[Round "3.4"]
[White "Galperin, Platon"]
[Black "Schneider, Stefan"]
[Result "1-0"]
[TimeControl "90 minutes for 40 moves + 30 minutes for the rest of the game + 30 seconds per move from move one."]
[WhiteTitle "GM"]
[BlackTitle "IM"]
[WhiteFideId "14165414"]
[BlackFideId "1703013"]
[WhiteElo "2518"]
[BlackElo "2384"]

1. e4 c6 2. d4 d5 3. e5 c5 4. c3 Nc6 5. Bb5 Qb6 6. Ba4 e6 7. Ne2 cxd4 8. cxd4 Nge7 9. Nbc3 Nf5 10.
O-O Be7 11. Be3 O-O 12. Bc2 Rd8 13. a3 Na5 14. Bc1 Nc6 15. Na4 Qc7 16. Qd3 g6 17. Nac3 Qb6 18. Be3 Bd7 19. b4 a6 20.
Ng3 Be8 21. Nxf5 exf5 22. Bb3 f4 23.
Bxf4 Qxd4 24. Qg3 g5 25. Bxg5 Qxe5 26. Qxe5 Nxe5 27. Bxe7 1-0

[Event "The Elitserien 2024/25: round 1 - 3"]
[Site "Scandic Infra City, Kanalvagen 10, Upplands Vasby, Sweden"]
[Date "2024.10.06"]
[Round "3.5"]
[White "Jepson, Christian"]
[Black "Gajic, Mladen"]
[Result "1/2-1/2"]
[TimeControl "90 minutes for 40 moves + 30 minutes for the rest of the game + 30 seconds per move from move one."]
[WhiteTitle "IM"]
[BlackTitle "FM"]
[WhiteFideId "1701185"]
[BlackFideId "1709178"]
[WhiteElo "2400"]
[BlackElo "2294"]

1. Nf3 e6 2. c4 f5 3. g3 Nf6 4.
Bg2 Be7 5. O-O O-O 6. Nc3 d6 7. d4 a5 8. b3 Ne4 9. Bb2 Nxc3 10. Bxc3 Qe8 11. Re1 Qh5 12. e4 f4 13. e5 d5 14.
Nd2 Qxd1 15. Rexd1 c6 16. Nf3 Bd7 17. Bd2 fxg3 18. hxg3 a4 19. Ne1 b5 20. Nd3 bxc4 21. bxc4 Na6 22.
Rdc1 Rab8 23. Bh3 g5 24. cxd5 cxd5 25. Nc5 Nxc5 26. dxc5 Rfc8 27. c6 Rxc6 28. Rxc6 Bxc6 29. Bxe6+ Kf8 30.
Rc1 Be8 31. f4 Rb2 32. Be3 Rxa2 33. f5 Re2 34. Bd4 Re4 35. Rc8 Rxd4 36. f6 Rc4 37. Ra8 Bxf6 38. exf6 Rc6 39. Bd7 Rc1+ 40.
Kf2 Kf7 41. Bxe8+ Kxf6 42. Rxa4 Rc2+ 43. Kf3 Rc8 44. Bh5 Rc3+ 45. Kg4 Rc6 46. Ra7 h6 47. Rd7 Ke5 48. Bf7 d4 49. Be8 Rb6 50.
Rd8 Ke4 51. Kh5 Rb2 52. Kxh6 Kf3 53. Rxd4 Kxg3 54. Kxg5 Kf3 55. Bg6 Rb5+ 56. Bf5 Rb3 57. Rh4 Re3 58. Rh2 Kg3 59. Rd2 Kf3 60.
Kf6 Kf4 61. Rd4+ Kg3 62. Be4 Kf4 63. Bd5+ Kg3 64. Kf5 Kf2 65. Kf4 Re8 66. Rd2+ Re2 67. Rd3 Re8 68. Be4 Rf8+ 69. Bf5 Ke2 70.
Rc3 Rd8 71. Be4 Rf8+ 72. Ke5 Kf2 73. Rc2+ Ke3 74. Rc3+ Kf2 75. Kd4 Rd8+ 76. Bd5 Re8 77. Rf3+ Ke2 78. Rg3 Rf8 79. Rg2+ Rf2 80.
Rg1 Rh2 81. Be4 Kf2 82. Rg4 Ke2 83. Rf4 Kd2 84. Bd3 Ke1 85. Kc3 Rh1 86. Rf3 Rg1 87. Bc4 Rh1 88. Bd3 Rg1 89. Kd4 Rg8 90.
Rf1+ Kd2 91. Rf2+ Ke1 92. Re2+ Kd1 93. Rh2 Ke1 94. Be4 Rg3 95. Rb2 Kf1 96. Bd3+ Kg1 97. Ke4 Rg8 98. Kf3 Rf8+ 99.
Ke3 Ra8 100. Rb1+ Kh2 101. Be4 Rf8 102. Rh1+ Kg3 103. Rh7 Rg8 104. Rh5 Re8 105. Rg5 1/2-1/2

[Event "The Elitserien 2024/25: round 1 - 3"]
[Site "Scandic Infra City, Kanalvagen 10, Upplands Vasby, Sweden"]
[Date "2024.10.06"]
[Round "3.6"]
[White "Kingsley, Elias"]
[Black "Lindgren, Philip"]
[Result "0-1"]
[TimeControl "90 minutes for 40 moves + 30 minutes for the rest of the game + 30 seconds per move from move one."]
[BlackTitle "IM"]
[WhiteFideId "1775006"]
[BlackFideId "1713230"]
[WhiteElo "2045"]
[BlackElo "2379"]

1. Nf3 d5 2. b3 Bg4 3. Bb2 Bxf3 4. exf3 Nd7 5. d4 g6 6. g3 Bg7 7. Bg2 c5 8. f4 e6 9. c4 dxc4 10.
bxc4 Ne7 11. Bc3 cxd4 12. Bxd4 Qa5+ 13. Nc3 Bxd4 14. Qxd4 O-O-O 15. O-O Nf5 16. Qe4 Nc5 17. Qe5 f6 18.
Qxf6 Nd7 19. Qxe6 Rhe8 20. Qd5 Nc5 21. Qf7 Qxc3 22. Qxh7 Qf6 23. Rab1 Re7 24. Qh3 Kc7 25. Bd5 Nd4 26.
Qg2 b6 27. Kh1 Re2 28. a4 Ra2 29. Ra1 Rxa1 30. Rxa1 Re8 31. h4 Ndb3 32. Ra2 Re1+ 33. Kh2 Qc3 34. Ba8 Qf6 35. Qd5 Re7 36.
Qf3 Nd4 37. Qd5 a5 38. Qg2 Kb8 39. Bd5 Ka7 40. Qf1 Qf5 41. Qd1 Qf6 42. Qg4 Nf5 43. Kg2 Nd3 44. Kh2 Re1 45. Qf3 Nxh4 46.
Qxd3 Nf3+ 47. Kg2 Qh8 48. Kxf3 Qh1+ 49. Kg4 Qh5# 0-1

[Event "The Elitserien 2024/25: round 1 - 3"]
[Site "Scandic Infra City, Kanalvagen 10, Upplands Vasby, Sweden"]
[Date "2024.10.06"]
[Round "3.7"]
[White "Brynell, Stellan"]
[Black "Nygren, Kim"]
[Result "1-0"]
[TimeControl "90 minutes for 40 moves + 30 minutes for the rest of the game + 30 seconds per move from move one."]
[WhiteTitle "GM"]
[BlackTitle "CM"]
[WhiteFideId "1700219"]
[BlackFideId "1706136"]
[WhiteElo "2368"]
[BlackElo "2155"]

1. d4 g6 2. e4 Bg7 3. Nf3 d6 4. Bc4 e6 5. O-O Ne7 6. Bb3 b6 7. c3 Bb7 8. Re1 Nd7 9. Nbd2 O-O 10.
Nf1 e5 11. Ng3 c5 12. Bg5 exd4 13. cxd4 h6 14. Bf4 cxd4 15. Qd2 Kh7 16. Nxd4 Ne5 17. Nb5 Ba6 18. a4 Bxb5 19. axb5 Qd7 20.
Qe2 Rac8 21. Red1 Rc7 22. h3 f5 23. exf5 gxf5 24. Nh5 N7g6 25. Rd2 Qe7 26. Rad1 Rd7 27. Bd5 Bf6 28. Bg3 Bh4 29.
Rd4 Bxg3 30. fxg3 Rdd8 31. Qf2 Qc7 32. Nf4 Nxf4 33. gxf4 Ng6 34. Bc6 Rg8 35. Qd2 Qe7 36. Re1 Qf6 37.
Ra4 Rg7 38. Qd4 Qh4 39. Rea1 Rdg8 40. Qf2 Qf6 41. Rxa7 h5 42. R7a4 Nh4 43. Ra7 Ng6 44. Kh2 Kh6 45. Qxb6 Qxb2 46.
R7a2 Qb4 47. Ra4 Qb3 48. R1a3 Qc2 49. Ra2 Qc1 50. Qd4 Re7 51. Ra1 Qc2 52. R4a2 Qc5 53. Rd1 Rgg7 54. Qxc5 dxc5 55.
Rf2 Re3 56. Rc1 h4 57. Rxc5 Re1 58. b6 Rb1 59. Rb5 Rxb5 60. Bxb5 Rb7 61. Bd3 Ne7 62. Rb2 Nc8 63. Bxf5 Rxb6 64.
Rxb6+ Nxb6 65. Be6 Na4 66. Kg1 Nc3 67. Kf2 Ne4+ 68. Ke3 Nf6 69. Kd4 Nh5 70. Ke5 Kg6 71. Bd5 Kh6 72. Kf5 Ng3+ 73.
Kg4 Nh5 74. Bc6 Ng7 75. Kxh4 1-0

[Event "The Elitserien 2024/25: round 1 - 3"]
[Site "Scandic Infra City, Kanalvagen 10, Upplands Vasby, Sweden"]
[Date "2024.10.06"]
[Round "3.8"]
[White "Seiger, Vidar"]
[Black "Carlsson, Daniel"]
[Result "1-0"]
[TimeControl "90 minutes for 40 moves + 30 minutes for the rest of the game + 30 seconds per move from move one."]
[WhiteFideId "1756079"]
[BlackFideId "1703021"]
[WhiteElo "2010"]
[BlackElo "2289"]

1. Nf3 Nf6 2. g3 g6 3. Bg2 Bg7 4. O-O O-O 5. d4 d5 6. c4 c6 7. cxd5 cxd5 8. Nc3 e6 9. Bf4 Nc6 10.
Ne5 Nxe5 11. Bxe5 Bd7 12. Qd2 Bc6 13. f3 a5 14. Rad1 b5 15. Rfe1 b4 16. Nb1 Qb6 17. Qg5 h6 18.
Qf4 g5 19. Qe3 Rac8 20. h4 Nh7 21. Bxg7 Kxg7 22. Qe5+ Kg8 23. hxg5 hxg5 24. Kf2 Ba4 25. Rc1 f6 26. Qe3 Bc2 27.
Rh1 Rf7 28. Nd2 e5 29. dxe5 d4 30. Qd3 Bxd3 31. Rxc8+ Kg7 32. exd3 Qe6 33. Bh3 f5 34. Rc5 Qxa2 35. Nc4 g4 36.
e6 Re7 37. fxg4 Qa4 38. Re1 Ng5 39. Bg2 Rxe6 40. Ne5 fxg4 41. Rc7+ Kf8 42. Rh1 Nh3+ 43. Bxh3 Rxe5 44. Bxg4 Re7 45.
Rc8+ Kg7 46. Bf5 Rf7 47. g4 Kf6 48. Rc6+ Kg5 49. Kg3 Qxc6 50. Rh5+ Kf6 51. Rh6+ Ke5 52. Rxc6 Ra7 53. Rc5+ Kd6 54.
Rc4 Kd5 55. Kf4 1-0

[Event "The Elitserien 2024/25: round 1 - 3"]
[Site "Scandic Infra City, Kanalvagen 10, Upplands Vasby, Sweden"]
[Date "2024.10.06"]
[Round "3.9"]
[White "Grigorov, Grigor"]
[Black "Soderstrom, Adrian"]
[Result "1/2-1/2"]
[TimeControl "90 minutes for 40 moves + 30 minutes for the rest of the game + 30 seconds per move from move one."]
[WhiteTitle "GM"]
[BlackTitle "FM"]
[WhiteFideId "2907313"]
[BlackFideId "1745786"]
[WhiteElo "2514"]
[BlackElo "2318"]

1. d4 d5 2. Nf3 Nf6 3. c4 e6 4. g3 Be7 5. Bg2 O-O 6. Qd3 a6 7. Bf4 dxc4 8. Qxc4 Nd5 9. Bd2 b5 10.
Qc2 Bb7 11. O-O Nd7 12. Ba5 Qb8 13. Nc3 Nxc3 14. Bxc3 c5 15. dxc5 Nxc5 16. Be5 Qe8 17. Ne1 1/2-1/2

[Event "The Elitserien 2024/25: round 1 - 3"]
[Site "Scandic Infra City, Kanalvagen 10, Upplands Vasby, Sweden"]
[Date "2024.10.06"]
[Round "3.10"]
[White "Lindh, Fredrik"]
[Black "Hellers, Ferdinand"]
[Result "0-1"]
[TimeControl "90 minutes for 40 moves + 30 minutes for the rest of the game + 30 seconds per move from move one."]
[WhiteTitle "FM"]
[BlackTitle "GM"]
[WhiteFideId "1707884"]
[BlackFideId "1700022"]
[WhiteElo "2284"]
[BlackElo "2589"]

1. e4 Nf6 2. e5 Nd5 3. d4 d6 4. Nf3 g6 5. Bc4 Nb6 6. Bb3 Bg7 7. Ng5 e6 8. Qf3 O-O 9. Qh3 h6 10.
Ne4 d5 11. Nc5 Kh7 12. Nd2 N6d7 13. Nf3 Nxc5 14. Bg5 Qe8 15. dxc5 Nd7 16. Ba4 c6 17. Be3 f6 18. exf6 Nxf6 19.
Ne5 Nh5 20. Nd3 e5 21. Qh4 e4 22. Nf4 Bf6 0-1

[Event "The Elitserien 2024/25: round 1 - 3"]
[Site "Scandic Infra City, Kanalvagen 10, Upplands Vasby, Sweden"]
[Date "2024.10.06"]
[Round "3.11"]
[White "Amin, Bassem"]
[Black "Walinder, Lars"]
[Result "1-0"]
[TimeControl "90 minutes for 40 moves + 30 minutes for the rest of the game + 30 seconds per move from move one."]
[WhiteTitle "GM"]
[BlackTitle "FM"]
[WhiteFideId "10601457"]
[BlackFideId "1707329"]
[WhiteElo "2636"]
[BlackElo "2223"]

1. e4 c5 2. Nf3 d6 3. g3 Nf6 4. d3 g6 5. Bg2 Bg7 6. O-O O-O 7. c3 Nc6 8. Re1 e5 9. a3 b5 10.
h3 a5 11. a4 b4 12. Nbd2 Rb8 13. Nc4 h6 14. d4 Ba6 15. dxe5 Bxc4 16. exf6 Qxf6 17. Bd2 Rfe8 18. Qc1 Bd3 19.
Nh2 bxc3 20. bxc3 h5 21. Nf1 Rb3 22. Ne3 Bxe4 23. Nf1 d5 24. f3 Ne5 25. Qd1 Bxf3 26. Qxb3 Bxg2 27. Kxg2 Qf3+ 28.
Kg1 Qd3 29. Qb5 Nf3+ 30. Kf2 Qxb5 31. axb5 Nxe1 32. Bxe1 d4 33. Ra3 d3 34. Ne3 1-0

[Event "The Elitserien 2024/25: round 1 - 3"]
[Site "Scandic Infra City, Kanalvagen 10, Upplands Vasby, Sweden"]
[Date "2024.10.06"]
[Round "3.12"]
[White "Religa, Marek"]
[Black "Ostlund, Joar"]
[Result "1-0"]
[TimeControl "90 minutes for 40 moves + 30 minutes for the rest of the game + 30 seconds per move from move one."]
[BlackTitle "FM"]
[WhiteFideId "1750208"]
[BlackFideId "1735020"]
[WhiteElo "2224"]
[BlackElo "2335"]

1. f4 d5 2. Nf3 Bg4 3. e3 Nd7 4. d4 e6 5. c4 Ngf6 6. Nc3 Be7 7. h3 Bxf3 8. Qxf3 Bb4 9. Bd3 c5 10. cxd5 Nxd5 11. Bd2 cxd4 12.
exd4 O-O 13. O-O N7f6 14. g4 Ne7 15. Rad1 Rc8 16. Kh1 Bxc3 17. bxc3 Qd5 18. Qxd5 Nfxd5 19. c4 Nb6 20. Bb4 Rfe8 21.
Bc5 Na4 22. Ba3 Nb6 23. Bc5 Na4 24. Bxa7 Nb2 25. Bc5 Nxd1 26. Rxd1 Ng6 27. Bd6 Red8 28. c5 b6 29. Be4 bxc5 30.
Bb7 Rxd6 31. Bxc8 Nxf4 32. a4 Rd8 33. Bb7 Rd7 34. Rb1 cxd4 35. a5 h5 36. a6 Nd5 37. Bxd5 Rxd5 38. a7 Ra5 39.
Rb8+ Kh7 40. a8=Q Rxa8 41. Rxa8 hxg4 42. hxg4 Kh6 43. Kg2 f6 44. Kf3 Kg5 45. Ra7 g6 46. Re7 e5 47. Re6 d3 48.
Kg3 f5 49. Rxe5 1-0

[Event "The Elitserien 2024/25: round 1 - 3"]
[Site "Scandic Infra City, Kanalvagen 10, Upplands Vasby, Sweden"]
[Date "2024.10.06"]
[Round "3.13"]
[White "Cramling, Pia"]
[Black "Van Hengel, Hugo"]
[Result "1/2-1/2"]
[TimeControl "90 minutes for 40 moves + 30 minutes for the rest of the game + 30 seconds per move from move one."]
[WhiteTitle "GM"]
[BlackTitle "FM"]
[WhiteFideId "1700030"]
[BlackFideId "1008161"]
[WhiteElo "2425"]
[BlackElo "2236"]

1. d4 d5 2. c4 e6 3. Nf3 c6 4. Nbd2 f5 5. g3 Nf6 6. Bg2 Be7 7. O-O O-O 8. Qc2 Ne4 9. Ne5 Nd7 10.
Nd3 Bf6 11. Nf3 g5 12. Nfe5 dxc4 13. Nxd7 Qxd7 14. Nc5 Nxc5 15. dxc5 Qd4 16. Be3 Qxb2 17. Qxc4 Qb5 18. Qxb5 cxb5 19.
Rab1 a6 20. Rfd1 Rf7 21. Rd6 h6 22. f4 Rc7 23. Rbd1 Be7 24. Rd8+ Bxd8 25. Rxd8+ Kf7 26. Rh8 Kg6 27. Bd4 b4 28.
Rg8+ Kh7 29. Rh8+ Kg6 30. Rg8+ Kh7 31. Rh8+ Kg6 32. Rg8+ 1/2-1/2

[Event "The Elitserien 2024/25: round 1 - 3"]
[Site "Scandic Infra City, Kanalvagen 10, Upplands Vasby, Sweden"]
[Date "2024.10.06"]
[Round "3.14"]
[White "Persson, Andreas"]
[Black "Wernberg, Hugo"]
[Result "1/2-1/2"]
[TimeControl "90 minutes for 40 moves + 30 minutes for the rest of the game + 30 seconds per move from move one."]
[WhiteTitle "CM"]
[BlackTitle "FM"]
[WhiteFideId "1707957"]
[BlackFideId "1737511"]
[WhiteElo "2173"]
[BlackElo "2211"]

1. d4 d5 2. Nf3 Nf6 3. g3 Bf5 4. Bg2 e6 5. c4 c6 6. Nc3 Be7 7. Qb3 Qb6 8. c5 Qxb3 9. axb3 O-O 10.
b4 a6 11. h3 Nfd7 12. g4 Bg6 13. Bf4 b6 14. O-O Re8 15. e3 f6 16. Bg3 Ra7 17. Rfc1 Rb7 18. Na4 bxc5 19. bxc5 Be4 20.
Ne1 Bxg2 21. Kxg2 e5 22. Nd3 Bd8 23. Rd1 a5 24. Ra3 Na6 25. Kf1 Kf7 26. f3 Nb4 27. Nxb4 Rxb4 28. Be1 Rb7 29.
Rdd3 exd4 30. exd4 Nf8 31. Rab3 Rbe7 32. Bg3 Ng6 33. Nc3 Bc7 34. Kf2 Bxg3+ 35. Kxg3 Re1 36. Rd1 Rxd1 37. Nxd1 Re2 38.
Ne3 Ne7 39. Nf5 Nxf5+ 40. gxf5 Rd2 41. Rb6 Rxd4 42. Rxc6 Rc4 43. Rc7+ Ke8 44. c6 a4 45. Rd7 Rxc6 46. Rxd5 Rb6 1/2-1/2

[Event "The Elitserien 2024/25: round 1 - 3"]
[Site "Scandic Infra City, Kanalvagen 10, Upplands Vasby, Sweden"]
[Date "2024.10.06"]
[Round "3.15"]
[White "Wedberg, Tom"]
[Black "Ostling, Hakan"]
[Result "1/2-1/2"]
[TimeControl "90 minutes for 40 moves + 30 minutes for the rest of the game + 30 seconds per move from move one."]
[WhiteTitle "GM"]
[WhiteFideId "1700073"]
[BlackFideId "1708635"]
[WhiteElo "2373"]
[BlackElo "2138"]

1. e4 g6 2. d4 Bg7 3. Nc3 d6 4. Nf3 a6 5. a4 b6 6. Be3 Bb7 7. Qd2 Nd7 8. Bd3 e6 9. h3 h6 10. Ne2 Ngf6 11. Ng3 c5 12.
c3 h5 13. Bg5 Qc7 14. Qe2 e5 15. d5 Nf8 16. O-O N8h7 17. Bd2 O-O 18. Rfb1 Nd7 19. b4 Rfc8 20. Nf1 c4 21. Bc2 b5 22.
Ra3 Rf8 23. Ne3 Nb6 24. axb5 axb5 25. Rba1 Qd8 1/2-1/2

[Event "The Elitserien 2024/25: round 1 - 3"]
[Site "Scandic Infra City, Kanalvagen 10, Upplands Vasby, Sweden"]
[Date "2024.10.06"]
[Round "3.16"]
[White "Naslund, Mikael"]
[Black "Bellon Lopez, Juan Manuel"]
[Result "0-1"]
[TimeControl "90 minutes for 40 moves + 30 minutes for the rest of the game + 30 seconds per move from move one."]
[WhiteTitle "FM"]
[BlackTitle "GM"]
[WhiteFideId "1708260"]
[BlackFideId "2200031"]
[WhiteElo "2107"]
[BlackElo "2266"]

1. d4 Nf6 2. c4 a6 3. Nc3 c5 4. d5 b5 5. cxb5 Qa5 6. e3 axb5 7. Bxb5 Ba6 8. Bxa6 Nxa6 9. Nf3 Ne4 10.
Bd2 Nxd2 11. Qxd2 d6 12. O-O g6 13. e4 Bg7 14. Rfe1 O-O 15. e5 Rab8 16. Re4 Nc7 17. h4 Rfd8 18.
Rd1 Rb4 19. exd6 exd6 20. h5 Rxe4 21.
Nxe4 Qxd2 22. Rxd2 f5 23. Nc3 Bf6 24. hxg6 hxg6 25. Kf1 Re8 26. Ng1 Kf7 27. Nge2 Rh8 28. g3 g5 29. Kg2 g4 30. Nf4 Ra8 31. Nfe2 Be5 32.
f3 gxf3+ 33. Kxf3 Rg8 34. Nf4 Ra8 35. Rh2 Bxc3 36. bxc3 Nb5 37. Rh5 Kf6 38. Rh6+ Kg7 39. Rh5 Ra3 40. Ne6+ Kf6 41. Rh6+ Ke5 42. Nf4 Nxc3 43. Re6+ Kd4 44.
Re3 Rxa2 45. Rd3+ Kc4 46. Ke3 Rb2 47. Kf3 Ne4 48. Rd1 Rb3+ 49. Kg2 Rxg3+ 50. Kh2 Rf3 51. Ng2 Rh3+ 52. Kxh3 Nf2+ 53.
Kg3 Nxd1 54. Kf4 Kxd5 55. Kxf5 c4 56. Nf4+ Kc5 57. Ke4 Nc3+ 58. Kf3 Kd4 59. Kf2 d5 60. Ne6+ Kd3 61. Nf4+ Kd2 62.
Ng2 Ne4 63. Kf3 c3 0-1

[Event "The Elitserien 2024/25: round 1 - 3"]
[Site "Scandic Infra City, Kanalvagen 10, Upplands Vasby, Sweden"]
[Date "2024.10.06"]
[Round "3.17"]
[White "Kucuksari, Kaan"]
[Black "Lokander, Martin"]
[Result "1-0"]
[TimeControl "90 minutes for 40 moves + 30 minutes for the rest of the game + 30 seconds per move from move one."]
[WhiteTitle "IM"]
[BlackTitle "IM"]
[WhiteFideId "6380166"]
[BlackFideId "1709569"]
[WhiteElo "2455"]
[BlackElo "2469"]

1. d4 Nf6 2. c4 c5 3. d5 g6 4. Nc3 Bg7 5. g3 d6 6. Nf3 O-O 7. Bg2 e6 8. O-O exd5 9. cxd5 Re8 10.
Bf4 h6 11. Qc1 g5 12. Be3 b5 13. Nxb5 Ba6 14. a4 Ne4 15. h4 Bxb5 16. axb5 g4 17. Nh2 h5 18. Ra4 f5 19. Qc2 Nd7 20.
Bxe4 fxe4 21. Rxe4 Nf6 22. Rxe8+ Qxe8 23. Bf4 Qxb5 24. Bxd6 Re8 25. Qxc5 Qxe2 26. Bf4 Qd3 27. d6 Re2 28.
Qxa7 Rxb2 29. Re1 Re2 30. Rxe2 Qxe2 31. Nf1 Qd3 32. Be5 Qd5 33. Qe7 Qf7 34. Bxf6 Bxf6 35. Qe4 Bd8 36. Ne3 Bb6 37.
Nf5 Qa2 38. Qe8+ Kh7 39. Qxh5+ 1-0

[Event "The Elitserien 2024/25: round 1 - 3"]
[Site "Scandic Infra City, Kanalvagen 10, Upplands Vasby, Sweden"]
[Date "2024.10.06"]
[Round "3.18"]
[White "Georgiadis, Nico"]
[Black "Ernst, Sipke"]
[Result "0-1"]
[TimeControl "90 minutes for 40 moves + 30 minutes for the rest of the game + 30 seconds per move from move one."]
[WhiteTitle "GM"]
[BlackTitle "GM"]
[WhiteFideId "1300113"]
[BlackFideId "1004689"]
[WhiteElo "2510"]
[BlackElo "2509"]

1. e4 e5 2. Nf3 Nc6 3. Bb5 a6 4. Ba4 Nf6 5. O-O Nxe4 6. d4 b5 7. Bb3 d5 8. dxe5 Be6 9. Be3 Be7 10.
c3 O-O 11. Nbd2 Qd7 12. Bc2 f5 13. exf6 Nxf6 14. h3 Bd6 15. Ng5 Bf5 16. Qb1 Bxc2 17. Qxc2 Rae8 18. Rfe1 Ne5 19. Bd4 c5 20.
Bxe5 Bxe5 21. Ngf3 Bb8 22. Rxe8 Rxe8 23. Re1 Rxe1+ 24. Nxe1 c4 25. Nef3 Ba7 26. Qd1 Qe6 27.
Kf1 Qf5 28. Kg1 h6 29. Nf1 Qf4 30. Qe2 Qe4 31. Qxe4 Nxe4 32. Ne3 Bxe3 33. fxe3 Nc5 34. Nd4 Na4 35. Nc6 Nxb2 36. Ne7+ Kf7 37.
Nxd5 Ke6 38. Nc7+ Kd6 39. Nxa6 Nd1 40. Nb4 Nxe3 41. a3 Nd1 42. Na2 Ke5 43. Kf1 Ne3+ 44. Kf2 Ke4 0-1